[Event "Titled Tuesday Blitz October 11 Late 2022"]
[White "Buchenau, Frank"]
[Black "Joubert, Dantelle"]
[WhiteFideId "4604350"]
[BlackFideId "14310813"]
[WhiteElo "2157"]
[BlackElo "1507"]
[Result "0-1"]
[Round "05"]
[TimeControl "180+1"]
[Date "2022.10.12"]
[WhiteClock "0:00:11"]
[BlackClock "0:00:26"]

1. e4 e5 2. Bc4 Nc6 3. Nf3 Bc5 4. c3 Nf6 5. d3 d6 6. O-O a6 7. a4 Ba7 8. Nbd2 O-O 9. h3 Be6 10. Bxe6 fxe6 11. b4 Nh5 12. b5 axb5 13. axb5 Ne7 14. d4 exd4 15. cxd4 Nf4 16. Nc4 Neg6 17. Kh2 Qf6 18. Be3 Nh4 19. Bxf4 Qxf4+ 20. Kh1 Nxf3 21. Qxf3 Qxf3 22. gxf3 Bxd4 23. Rxa8 Rxa8 24. b6 d5 25. Rd1 Bxf2 26. bxc7 Rc8 27. exd5 Rxc7 28. dxe6 Kf8 29. Nd6 Ke7 30. Ne4 Be3 31. Re1 Bf4 32. Nf2 Bg3 33. Kg1 Rc2 34. Rf1 Bxf2+ 35. Rxf2 Rxf2 36. Kxf2 Kxe6 0-1


[Site "https://www.chess.com"]

[Event "Titled Tuesday Blitz October 11 Late 2022"]
[White "Burke, Paul"]
[Black "Jimenez, Joaquin"]
[WhiteFideId "2605767"]
[BlackFideId "109860"]
[WhiteElo "1894"]
[BlackElo "2163"]
[Result "0-1"]
[Round "05"]
[TimeControl "180+1"]
[Date "2022.10.12"]
[WhiteClock "0:00:32"]
[BlackClock "0:00:39"]

1. e4 e6 2. d4 d5 3. e5 c5 4. Qg4 cxd4 5. Nf3 Nc6 6. Bd3 h5 7. Qg3 Nh6 8. Bxh6 Rxh6 9. O-O Bd7 10. c3 dxc3 11. Nxc3 a6 12. a3 Qc7 13. Rac1 O-O-O 14. b4 Kb8 15. b5 axb5 16. Nxb5 Qb6 17. Rb1 Qa5 18. Nd6 Bxd6 19. exd6 Rg8 20. Ne5 h4 21. Nxd7+ Kc8 22. Qf3 f5 23. Nb6+ Kd8 24. Rb5 Qd2 25. Nxd5 Ne5 26. Qd1 Qxd3 27. Qxd3 Nxd3 28. Rxb7 exd5 29. Rb8+ Kd7 30. Rxg8 Rg6 31. Rd1 Nf4 32. Rb1 Rxg2+ 33. Kf1 Rxh2 34. Rb7+ Kxd6 35. Ke1 g6 36. a4 Rh1+ 37. Kd2 Ra1 38. a5 h3 39. Rh8 Rxa5 40. Rb6+ Ke5 41. Rbb8 Ra2+ 42. Kc3 Rxf2 43. Rbe8+ Kf6 44. Rhf8+ Kg5 45. Rh8 h2 46. Re7 Nh5 47. Re1 Rg2 48. Rh1 f4 49. Kd4 Kg4 50. Kxd5 f3 0-1


[Site "https://www.chess.com"]

[Event "Titled Tuesday Blitz October 11 Late 2022"]
[White "Carbone, Diego"]
[Black "Thiel, Thomas"]
[WhiteFideId "3002179"]
[BlackFideId "4615964"]
[WhiteElo "2243"]
[BlackElo "2312"]
[Result "1-0"]
[Round "05"]
[TimeControl "180+1"]
[Date "2022.10.12"]
[WhiteClock "0:01:14"]
[BlackClock "0:01:09"]

1. d4 Nf6 2. c4 g6 3. g3 c6 4. Bg2 d5 5. Nf3 Bg7 6. Nbd2 O-O 7. O-O Bf5 8. b3 Ne4 9. Bb2 Nd7 10. Nh4 Nxd2 11. Qxd2 Be6 12. Rac1 a6 13. Nf3 f6 14. Rfd1 Bf7 15. Ba3 Re8 16. cxd5 cxd5 17. Ne1 e6 18. Nd3 e5 19. dxe5 fxe5 20. Nb4 d4 21. Bxb7 Ra7 22. Nc6 1-0


[Site "https://www.chess.com"]

[Event "Titled Tuesday Blitz October 11 Late 2022"]
[White "Carlsen, Magnus"]
[Black "Riehle, Marco"]
[WhiteFideId "1503014"]
[BlackFideId "12904392"]
[WhiteElo "2830"]
[BlackElo "2462"]
[Result "1-0"]
[Round "05"]
[TimeControl "180+1"]
[Date "2022.10.11"]
[WhiteClock "0:01:36"]
[BlackClock "0:00:02"]

1. g4 d5 2. h3 c5 3. Bg2 Nc6 4. d3 e5 5. Nc3 Be6 6. Nf3 f6 7. a3 Nge7 8. Rb1 d4 9. Ne4 Nd5 10. c4 dxc3 11. bxc3 Qd7 12. c4 Nb6 13. Be3 Nd4 14. Nxd4 cxd4 15. Bd2 Be7 16. a4 Rb8 17. a5 Nc8 18. f4 O-O 19. f5 Bf7 20. O-O a6 21. Qb3 Na7 22. Rb2 Nc6 23. Rfb1 Rfc8 24. Qd1 Qc7 25. Rb6 Bd8 26. Qe1 Qe7 27. R6b2 Bc7 28. Rxb7 Rxb7 29. Rxb7 Rb8 30. Nxf6+ gxf6 31. Bxc6 Rxb7 32. Bxb7 Bxa5 33. Bxa5 Qxb7 34. Bd8 Qc6 35. Qh4 e4 36. Qxf6 Qb7 37. Bb6 exd3 38. Qd8+ Kg7 39. Bxd4+ Kh6 40. Qh4+ Bh5 41. g5# 1-0


[Site "https://www.chess.com"]

[Event "Titled Tuesday Blitz October 11 Late 2022"]
[White "Chigaev, Maksim"]
[Black "Poltorak, Sebastian"]
[WhiteFideId "4108116"]
[BlackFideId "1199498"]
[WhiteElo "2537"]
[BlackElo "2232"]
[Result "1-0"]
[Round "05"]
[TimeControl "180+1"]
[Date "2022.10.12"]
[WhiteClock "0:01:33"]
[BlackClock "0:00:32"]

1. Nf3 c5 2. e4 Nc6 3. Bb5 e6 4. c3 Nge7 5. d4 cxd4 6. cxd4 d5 7. e5 Bd7 8. Nc3 Rc8 9. O-O Qb6 10. Be3 Nf5 11. Bd3 Nfxd4 12. Nxd4 Nxd4 13. a3 a5 14. Rc1 Bc5 15. Na4 Bxa4 16. Qxa4+ Rc6 17. Rxc5 Qxc5 18. Bxd4 1-0


[Site "https://www.chess.com"]

[Event "Titled Tuesday Blitz October 11 Late 2022"]
[White "Clawitter, Craig"]
[Black "Jorquera, Marcelo"]
[WhiteFideId "2023105"]
[BlackFideId "3401197"]
[WhiteElo "2222"]
[BlackElo "2136"]
[Result "1/2-1/2"]
[Round "05"]
[TimeControl "180+1"]
[Date "2022.10.12"]
[WhiteClock "0:02:38"]
[BlackClock "0:01:47"]

1. e4 d5 2. exd5 Nf6 3. Bb5+ Bd7 4. Be2 Nxd5 5. d4 Bf5 6. Nf3 e6 7. O-O Be7 8. c4 Nb4 9. Ne1 N8c6 10. Be3 Bf6 11. a3 Na6 12. Nf3 Kf8 13. Nc3 h6 1/2-1/2


[Site "https://www.chess.com"]

[Event "Titled Tuesday Blitz October 11 Late 2022"]
[White "Coelho, Ramyres Santana"]
[Black "Bazeev, German"]
[WhiteFideId "2120690"]
[BlackFideId "24119350"]
[WhiteElo "1888"]
[BlackElo "2493"]
[Result "0-1"]
[Round "05"]
[TimeControl "180+1"]
[Date "2022.10.12"]
[WhiteClock "0:00:30"]
[BlackClock "0:01:18"]

1. e4 c5 2. Nf3 Nf6 3. Nc3 Nc6 4. d4 d5 5. e5 Ne4 6. dxc5 Nxc3 7. bxc3 Qa5 8. Bd2 Qxc5 9. Bd3 Bg4 10. O-O e6 11. Re1 Be7 12. h3 Bh5 13. g4 Bg6 14. Qe2 O-O 15. Rab1 Na5 16. Rb5 Qc7 17. Bxg6 hxg6 18. Nd4 Nc4 19. Bf4 a6 20. Rbb1 b5 21. Bg3 Rac8 22. f4 Na3 23. Rb3 Qc4 24. Qf3 Bc5 25. Bf2 Bxd4 26. Rxa3 Bxf2+ 27. Kxf2 Qc5+ 28. Kg3 Qxa3 29. Re3 Rc4 30. f5 exf5 31. gxf5 gxf5 32. Qxf5 Qc1 33. Rf3 Qg1# 0-1


[Site "https://www.chess.com"]

[Event "Titled Tuesday Blitz October 11 Late 2022"]
[White "De Souza, Cristiano Gomes"]
[Black "Fernandez De La Vara, Arnaldo"]
[WhiteFideId "2151758"]
[BlackFideId "3518388"]
[WhiteElo "2068"]
[BlackElo "2387"]
[Result "0-1"]
[Round "05"]
[TimeControl "180+1"]
[Date "2022.10.12"]
[WhiteClock "0:00:32"]
[BlackClock "0:00:05"]

1. d4 c5 2. d5 Nf6 3. c4 a6 4. Nc3 b5 5. cxb5 g6 6. e4 d6 7. Nf3 Bg7 8. h3 O-O 9. Be3 axb5 10. Bxb5 Nxe4 11. Nxe4 Qa5+ 12. Bd2 Qxb5 13. Bc3 Na6 14. Qe2 Qxe2+ 15. Kxe2 Nb4 16. Bxg7 Kxg7 17. Nc3 Ba6+ 18. Kd2 Bc4 19. Rhe1 Rfe8 20. a3 Nxd5 21. Re4 Bb3 22. Rae1 e5 23. Nxd5 Bxd5 24. R4e3 Reb8 25. Kc1 Ra6 26. Rd1 Be6 27. Ng5 Rab6 28. Nxe6+ fxe6 29. Re2 Kf6 30. Rc2 Ke7 31. f3 d5 32. Rxc5 Rxb2 33. Rc7+ Kd6 34. Rxh7 Rb1+ 35. Kd2 R8b2+ 36. Ke1 Rxd1+ 37. Kxd1 Rxg2 38. Rg7 Rf2 39. Rxg6 Rxf3 40. h4 Rh3 41. Rh6 Rxa3 42. Rh8 Rh3 43. h5 e4 44. h6 Ke5 45. h7 Kd4 46. Ke2 Rh2+ 47. Ke1 Ke3 48. Kf1 d4 49. Kg1 Rh6 50. Kf1 d3 51. Kg2 d2 0-1


[Site "https://www.chess.com"]

[Event "Titled Tuesday Blitz October 11 Late 2022"]
[White "Diaz Rosas, Julio Cesar"]
[Black "Timmermans, Mark"]
[WhiteFideId "5105099"]
[BlackFideId "1026399"]
[WhiteElo "2246"]
[BlackElo "2460"]
[Result "0-1"]
[Round "05"]
[TimeControl "180+1"]
[Date "2022.10.12"]
[WhiteClock "0:00:03"]
[BlackClock "0:00:01"]

1. d4 Nf6 2. c4 e6 3. Nc3 Bb4 4. a3 Bxc3+ 5. bxc3 O-O 6. f3 c5 7. e4 Nxe4 8. fxe4 Qh4+ 9. Kd2 Qxe4 10. Qf3 f5 11. Bd3 Qh4 12. Ne2 Nc6 13. Bb2 b6 14. Qf4 Qxf4+ 15. Nxf4 Na5 16. Rae1 Ba6 17. d5 Nxc4+ 18. Kc2 e5 19. Bxc4 Bxc4 20. Rxe5 Rae8 21. Rhe1 Rxe5 22. Rxe5 g5 23. Nh5 h6 24. Bc1 Kh7 25. Ng3 Kg6 26. Re7 f4 27. Ne4 Bxd5 28. Kd3 Be6 29. c4 g4 30. Bb2 f3 31. Rg7+ Kh5 32. gxf3 Rxf3+ 33. Kd2 Kh4 34. Be5 Kh3 35. Bg3 Bxc4 36. Rh7 Rd3+ 37. Kc2 Re3 38. Rxh6+ Kg2 39. Nd6 Be6 40. Rf6 Rxa3 41. Kb2 Rf3 42. Rg6 c4 43. Be5 a6 44. h4 Rh3 45. Bf6 b5 46. Ne4 b4 47. Nc5 Bf5 48. Rg5 Rf3 49. Na4 Rf2+ 50. Kc1 c3 51. Nxc3 bxc3 52. Bxc3 Rc2+ 53. Kd1 Rxc3 54. Rxf5 Rh3 55. h5 g3 56. Ke2 Rh4 57. Re5 Rf4 58. Ke3 Rf8 59. h6 Kg1 60. h7 g2 61. Rg5 Kf1 0-1


[Site "https://www.chess.com"]

[Event "Titled Tuesday Blitz October 11 Late 2022"]
[White "Dilmukhametov, Artur"]
[Black "Dzierzak, Radoslaw"]
[WhiteFideId "24179922"]
[BlackFideId "1161407"]
[WhiteElo "2197"]
[BlackElo "2111"]
[Result "0-1"]
[Round "05"]
[TimeControl "180+1"]
[Date "2022.10.12"]
[WhiteClock "0:01:37"]
[BlackClock "0:01:10"]

1. e4 c5 2. Nf3 Nc6 3. c3 d5 4. exd5 Qxd5 5. d4 Bf5 6. Be3 e6 7. Be2 Nf6 8. O-O Rd8 9. dxc5 Bxc5 10. Qxd5 Rxd5 11. Bc4 Bxe3 12. Bxd5 Nxd5 13. fxe3 Nxe3 14. Na3 Nxf1 15. Rxf1 Ke7 16. Nb5 Rd8 17. Nbd4 Nxd4 18. Nxd4 Bg6 19. h3 e5 20. Re1 f6 21. Re2 a6 22. Nb3 b6 23. Nd2 Bd3 24. Rf2 f5 25. Nf3 Kf6 26. Rd2 g5 27. Kf2 e4 28. Nd4 f4 29. Rd1 Bc4 30. b3 e3+ 31. Kg1 Bf7 32. Rf1 Rd6 0-1


[Site "https://www.chess.com"]

[Event "Titled Tuesday Blitz October 11 Late 2022"]
[White "Djordjevic, Dejan N"]
[Black "Sarkar, Justin"]
[WhiteFideId "913316"]
[BlackFideId "2010011"]
[WhiteElo "2262"]
[BlackElo "2250"]
[Result "1/2-1/2"]
[Round "05"]
[TimeControl "180+1"]
[Date "2022.10.12"]
[WhiteClock "0:00:22"]
[BlackClock "0:00:02"]

1. e4 e5 2. Nf3 Nc6 3. Bc4 Nf6 4. d3 Be7 5. O-O O-O 6. Re1 d6 7. c3 Na5 8. Bb5 a6 9. Ba4 c5 10. Bc2 Nc6 11. Nbd2 b5 12. Nf1 Re8 13. Ng3 Bf8 14. h3 d5 15. exd5 Nxd5 16. a4 Rb8 17. axb5 axb5 18. Qe2 g6 19. Bg5 f6 20. Bd2 Be6 21. Ra6 Qc8 22. Rea1 Nf4 23. Bxf4 exf4 24. Ne4 Kg7 25. Qd2 g5 26. Nexg5 fxg5 27. Nxg5 Bd6 28. Qd1 Bf5 29. d4 h6 30. Ne4 Bxe4 31. Bxe4 Rxe4 32. Qf3 Qe8 33. dxc5 Bxc5 34. Kh2 Rc8 35. Qg4+ Qg6 36. Qxc8 f3 37. g3 Bxf2 38. Qd7+ Re7 39. Qg4 Qxg4 40. hxg4 Ne5 41. Kh3 Nd3 42. b3 Be3 43. Rf1 Nf2+ 44. Kh4 Ne4 45. Rxf3 Bg5+ 46. Kh3 Nf6 47. Rf2 Re3 48. c4 Rxb3 49. cxb5 Rxb5 50. Rf5 Rb3 51. Ra7+ Kg6 52. Ra6 Rc3 53. Rb6 Rd3 54. Rc6 Re3 55. Rb6 Rd3 56. Ra6 Rc3 57. Rb6 Rd3 1/2-1/2


[Site "https://www.chess.com"]

[Event "Titled Tuesday Blitz October 11 Late 2022"]
[White "Domingo Nunez, Ruben"]
[Black "Pakleza, Zbigniew"]
[WhiteFideId "22245570"]
[BlackFideId "1119290"]
[WhiteElo "2406"]
[BlackElo "2411"]
[Result "0-1"]
[Round "05"]
[TimeControl "180+1"]
[Date "2022.10.11"]
[WhiteClock "0:00:02"]
[BlackClock "0:00:04"]

1. e4 d6 2. d4 Nf6 3. Nc3 c6 4. a4 a5 5. Nge2 e5 6. h3 Nbd7 7. g4 g6 8. Bg2 Bg7 9. Be3 O-O 10. O-O Re8 11. Ng3 exd4 12. Bxd4 Nc5 13. e5 Nd5 14. Nxd5 cxd5 15. exd6 Qxd6 16. Bxg7 Kxg7 17. Qxd5 Qxd5 18. Bxd5 Be6 19. Rfd1 Rac8 20. Ra3 b6 21. Bxe6 Nxe6 22. Rd2 Nf4 23. Kh2 Rc4 24. Re3 Rxe3 25. fxe3 Ne6 26. b3 Rc3 27. Nf1 Ng5 28. Kg2 Ne4 29. Re2 Kf6 30. Ng3 Nc5 31. Kf3 Ke5 32. Rd2 Ne6 33. h4 f5 34. gxf5 gxf5 35. Ne2 Rc7 36. Nd4 Nc5 37. Nb5 Rg7 38. Nc3 Rg4 39. Rd5+ Ke6 40. Rd8 Rxh4 41. Rb8 Nd7 42. Re8+ Kf7 43. Rd8 Ke7 44. Rh8 Ne5+ 45. Ke2 Rh2+ 46. Kd1 Rh1+ 47. Kd2 Rh2+ 48. Kd1 Kf6 49. Nd5+ Kg7 50. Re8 Rh1+ 51. Ke2 Rh2+ 52. Kd1 Ng4 53. Nxb6 h5 54. b4 axb4 55. a5 Rh1+ 56. Ke2 Ra1 57. Nc4 h4 58. Kf3 h3 0-1


[Site "https://www.chess.com"]

[Event "Titled Tuesday Blitz October 11 Late 2022"]
[White "Dubov, Daniil"]
[Black "Naroditsky, Daniel"]
[WhiteFideId "24126055"]
[BlackFideId "2026961"]
[WhiteElo "2791"]
[BlackElo "2628"]
[Result "1-0"]
[Round "05"]
[TimeControl "180+1"]
[Date "2022.10.11"]
[WhiteClock "0:00:11"]
[BlackClock "0:00:06"]

1. d4 Nf6 2. Nf3 g6 3. c4 Bg7 4. Nc3 d6 5. Bg5 Bf5 6. e3 Ne4 7. Nxe4 Bxe4 8. Bd3 Bxd3 9. Qxd3 c5 10. O-O O-O 11. dxc5 dxc5 12. Qxd8 Rxd8 13. Bxe7 Rd7 14. Bxc5 Bxb2 15. Rad1 b6 16. Bd4 Bxd4 17. Rxd4 Rxd4 18. exd4 Nc6 19. Rc1 Na5 20. Kf1 Rc8 21. Nd2 Nc6 22. Nb3 Nb4 23. a3 Nd3 24. Rc2 Re8 25. Re2 Rc8 26. Rd2 Nf4 27. Rc2 a5 28. g3 a4 29. Nd2 Ne6 30. d5 Nc5 31. Rb2 Rb8 32. Ke2 Kf8 33. Ke3 Ke7 34. Rb4 f5 35. Kd4 Kd6 36. Nb1 Nb3+ 37. Kd3 Nc5+ 38. Kd2 Ne4+ 39. Ke3 Kc5 40. f3 Nd6 41. Nd2 b5 42. cxb5 Rxb5 43. Rxa4 Kxd5 44. Ra7 h6 45. Rg7 g5 46. Ra7 Rb2 47. Ra5+ Ke6 48. Ra6 Kd5 49. Rxd6+ 1-0


[Site "https://www.chess.com"]

[Event "Titled Tuesday Blitz October 11 Late 2022"]
[White "Duda, Jan-Krzysztof"]
[Black "Theodorou, Nikolas"]
[WhiteFideId "1170546"]
[BlackFideId "4262875"]
[WhiteElo "2779"]
[BlackElo "2512"]
[Result "1-0"]
[Round "05"]
[TimeControl "180+1"]
[Date "2022.10.11"]
[WhiteClock "0:00:07"]
[BlackClock "0:00:01"]

1. d4 Nf6 2. Bf4 g6 3. e3 Bg7 4. Nf3 O-O 5. Be2 d6 6. h3 b6 7. O-O Bb7 8. a4 a5 9. Bh2 Nbd7 10. c4 Ne4 11. Nc3 Nxc3 12. bxc3 e5 13. Qb3 Rb8 14. Rfd1 Qe7 15. Qb5 Rfe8 16. Ra2 h6 17. Qb3 Bc6 18. Rb2 Kh7 19. Nd2 exd4 20. cxd4 Bxd4 21. exd4 Qxe2 22. Nf1 Qe4 23. f3 Qe7 24. Bg3 Qf6 25. Ne3 h5 26. Bf2 Re7 27. Rc2 Rbe8 28. Nd5 Bxd5 29. cxd5 Nf8 30. Qb5 g5 31. Rxc7 Rxc7 32. Qxe8 Ng6 33. Qe4 Kg7 34. Qb1 Nf4 35. Qxb6 Rc2 36. Qxa5 g4 37. hxg4 hxg4 38. Qe1 gxf3 39. Qe4 Ne2+ 40. Kf1 Rc3 41. gxf3 Nf4 42. Be1 Ra3 43. Bd2 Ng6 44. Ke2 Rxa4 45. Rh1 Rxd4 46. Bh6+ Kh7 47. Bg5+ Kg8 48. Qe8+ 1-0


[Site "https://www.chess.com"]

[Event "Titled Tuesday Blitz October 11 Late 2022"]
[White "Eisa Mohmood, Alkhoori"]
[Black "Toncheva, Nadya"]
[WhiteFideId "9316116"]
[BlackFideId "2924056"]
[WhiteElo "1245"]
[BlackElo "2101"]
[Result "0-1"]
[Round "05"]
[TimeControl "180+1"]
[Date "2022.10.12"]
[WhiteClock "0:00:01"]
[BlackClock "0:00:04"]

1. e4 c5 2. Nf3 Nc6 3. d4 cxd4 4. Nxd4 g6 5. Nc3 Bg7 6. Be3 Nf6 7. Bc4 O-O 8. f3 d6 9. Qd2 Bd7 10. O-O-O Rc8 11. Bb3 Ne5 12. Kb1 Nc4 13. Bxc4 Rxc4 14. g4 b5 15. h4 h5 16. gxh5 Nxh5 17. f4 b4 18. Nd5 e6 19. Nxb4 a5 20. Nd3 Bxd4 21. f5 Bxe3 22. Qxe3 exf5 23. exf5 Bxf5 24. Rhg1 Re8 25. Qf3 Kf8 26. Rg5 Rxh4 27. Rxf5 gxf5 28. Qxf5 Qf6 29. Qxa5 Qf3 30. Rc1 Nf4 31. Qb4 Nxd3 32. Qxd6+ Kg8 33. cxd3 Rg4 34. a3 Qe2 35. Rh1 Qe5 36. Qh6 Qg7 37. Qc6 Rb8 38. Rh2 Rg1+ 39. Ka2 Rg6 40. Qd5 Rgb6 41. d4 Rg6 42. Rc2 Rg4 43. Rd2 Re8 44. Qc6 Re6 45. Qc8+ Qf8 46. Qc4 Qd6 47. Qc8+ Kg7 48. d5 Ree4 49. Qc3+ Qf6 50. Rf2 Qxc3 51. bxc3 Rg5 0-1


[Site "https://www.chess.com"]

[Event "Titled Tuesday Blitz October 11 Late 2022"]
[White "Fedoseev, Vladimir"]
[Black "Pinheiro, Iung Alicio de O."]
[WhiteFideId "24130737"]
[BlackFideId "2104350"]
[WhiteElo "2726"]
[BlackElo "2283"]
[Result "1/2-1/2"]
[Round "05"]
[TimeControl "180+1"]
[Date "2022.10.11"]
[WhiteClock "0:00:15"]
[BlackClock "0:00:09"]

1. e4 c5 2. Nf3 Nc6 3. Bb5 e5 4. c3 Nf6 5. O-O Nxe4 6. Re1 Nd6 7. Nxe5 Be7 8. Bf1 O-O 9. Nf3 Nf5 10. d4 cxd4 11. Bd3 d5 12. Bxf5 Bxf5 13. Nxd4 Bg6 14. Nf3 Qd6 15. Be3 Rfe8 16. Nbd2 h6 17. Qa4 a6 18. Nb3 Bf6 19. Qg4 Rad8 20. Rad1 Qe6 21. Qxe6 fxe6 22. Nc5 Re7 23. Nd4 Nxd4 24. cxd4 a5 25. Bf4 b6 26. Na4 Bc2 27. Nxb6 Bxd1 28. Rxd1 Rb7 29. Na4 Rb4 30. Nc5 Rxd4 31. Nd3 Rc8 32. Kf1 e5 33. Be3 Rdc4 34. Ne1 d4 35. Bd2 a4 36. b3 axb3 37. axb3 R4c6 38. f3 Rb8 39. b4 Be7 40. Rb1 Rb5 41. Ke2 Kf7 42. Kd3 Ke6 43. Nc2 Kd5 44. Ra1 Rxc2 45. Kxc2 Bxb4 46. Bxb4 Rxb4 47. Ra5+ Kc4 48. Rxe5 d3+ 49. Kc1 Kc3 50. Rc5+ Kd4 51. Rc7 Ra4 52. Rxg7 Ra2 53. h4 Kc3 54. Rc7+ Kd4 55. g4 Ke3 56. Re7+ Kxf3 57. g5 hxg5 58. hxg5 Ra5 59. Kd2 Rxg5 60. Kxd3 Rd5+ 61. Kc4 Rd8 62. Re5 Rc8+ 63. Rc5 Rxc5+ 64. Kxc5 1/2-1/2


[Site "https://www.chess.com"]

[Event "Titled Tuesday Blitz October 11 Late 2022"]
[White "Fernandez Siles, Luis"]
[Black "Dardha, Arben"]
[WhiteFideId "2209420"]
[BlackFideId "4700481"]
[WhiteElo "2186"]
[BlackElo "2196"]
[Result "1-0"]
[Round "05"]
[TimeControl "180+1"]
[Date "2022.10.12"]
[WhiteClock "0:00:20"]
[BlackClock "0:00:02"]

1. e4 c5 2. Nf3 Nc6 3. d4 cxd4 4. Nxd4 Nf6 5. Nc3 e5 6. Ndb5 d6 7. Nd5 Nxd5 8. exd5 Ne7 9. c3 Ng6 10. Qa4 Bd7 11. Qc4 Rc8 12. Qb4 Qf6 13. Nxa7 Rc5 14. Qxb7 Be7 15. Be3 Ra5 16. Nc6 Rxd5 17. Qa8+ Bd8 18. Nxd8 O-O 19. Qxd5 Rxd8 20. Be2 Nh4 21. g3 Nf5 22. O-O h5 23. Rad1 h4 24. g4 Qg6 25. Kh1 Ne7 26. Qg2 Bc6 27. Bf3 e4 28. Be2 Qh7 29. f4 exf3 30. Bxf3 Bb5 31. Rfe1 Ng6 32. b3 h3 33. Qc2 Qh4 34. c4 Bd7 35. Qf2 Qe7 36. Bf4 Qf8 37. Bxd6 Ne5 38. Rxe5 Qxd6 39. Rxd6 Bc6 40. Rxd8+ Kh7 41. Bxc6 Kg6 42. Qf5+ Kh6 43. Qh5# 1-0


[Site "https://www.chess.com"]

[Event "Titled Tuesday Blitz October 11 Late 2022"]
[White "Garmash, Aliona"]
[Black "Milosevic, Milos"]
[WhiteFideId "34127620"]
[BlackFideId "964875"]
[WhiteElo "1980"]
[BlackElo "2321"]
[Result "0-1"]
[Round "05"]
[TimeControl "180+1"]
[Date "2022.10.12"]
[WhiteClock "0:00:08"]
[BlackClock "0:00:27"]

1. d4 Nf6 2. c4 g6 3. Nc3 Bg7 4. e4 d6 5. Nf3 O-O 6. Be2 Nbd7 7. O-O e5 8. Be3 Ng4 9. Bg5 f6 10. Bc1 Nh6 11. d5 Nf7 12. Ne1 a5 13. Nd3 f5 14. Bd2 Qh4 15. a3 f4 16. b4 Nf6 17. c5 Bd7 18. Nb2 axb4 19. axb4 Rxa1 20. Qxa1 Ng5 21. f3 Nf7 22. Nc4 g5 23. Qa7 g4 24. Nd1 g3 25. h3 Bxh3 26. Nf2 Bxg2 0-1


[Site "https://www.chess.com"]

[Event "Titled Tuesday Blitz October 11 Late 2022"]
[White "Gatineau, Yovann"]
[Black "Girsh, Daniel"]
[WhiteFideId "26028999"]
[BlackFideId "30949190"]
[WhiteElo "2275"]
[BlackElo "2075"]
[Result "0-1"]
[Round "05"]
[TimeControl "180+1"]
[Date "2022.10.12"]
[WhiteClock "0:00:06"]
[BlackClock "0:01:18"]

1. Nf3 d5 2. e3 Nf6 3. c4 e6 4. b3 Be7 5. Bb2 O-O 6. Rg1 c5 7. g4 Nc6 8. g5 Ne4 9. h4 d4 10. Bd3 Nd6 11. exd4 cxd4 12. Nxd4 Nxd4 13. Bxd4 Nxc4 14. Bxc4 Qxd4 15. Nc3 Bd7 16. Qg4 e5 17. Qxd4 exd4 18. Nd5 Bd6 19. O-O-O Be6 20. a4 Rfd8 21. Rde1 Ba3+ 22. Kc2 Bxd5 23. Bxd5 Rxd5 24. Rg4 d3+ 25. Kb1 g6 26. h5 gxh5 27. Rg3 Rc8 28. f4 Kg7 29. Rf3 Kg6 0-1


[Site "https://www.chess.com"]

[Event "Titled Tuesday Blitz October 11 Late 2022"]
[White "Gilmanov, Mansur"]
[Black "Gokerkan, Cem Kaan"]
[WhiteFideId "4166868"]
[BlackFideId "6336760"]
[WhiteElo "2377"]
[BlackElo "2365"]
[Result "0-1"]
[Round "05"]
[TimeControl "180+1"]
[Date "2022.10.12"]
[WhiteClock "0:00:07"]
[BlackClock "0:00:40"]

1. d4 Nf6 2. Bg5 d5 3. Bxf6 exf6 4. e3 Bd6 5. c4 c6 6. Nc3 Be6 7. cxd5 cxd5 8. Qb3 Qd7 9. Bd3 Nc6 10. Nge2 O-O 11. O-O f5 12. Rac1 f4 13. exf4 Rfe8 14. Na4 Bg4 15. f3 Bf5 16. Nc5 Bxc5 17. dxc5 Bxd3 18. Qxd3 Nb4 19. Qd2 Nxa2 20. Ra1 Nb4 21. Nd4 a5 22. Rfd1 Rec8 23. Rac1 h6 24. h3 Qe7 25. Re1 Qf6 26. Nb5 Rd8 27. Nd6 b6 28. Nb7 Rd7 29. Nd6 bxc5 30. Nb5 d4 31. Rxc5 Qb6 32. Rec1 d3 33. Kh2 Nc2 34. R1xc2 dxc2 35. Qxc2 Rad8 36. Na3 Rd2 37. Qc3 Qg6 38. Re5 Qxg2# 0-1


[Site "https://www.chess.com"]

[Event "Titled Tuesday Blitz October 11 Late 2022"]
[White "Girel, Joseph"]
[Black "Noboa Silva, Kevin"]
[WhiteFideId "36033561"]
[BlackFideId "3618471"]
[WhiteElo "2281"]
[BlackElo "2178"]
[Result "1-0"]
[Round "05"]
[TimeControl "180+1"]
[Date "2022.10.12"]
[WhiteClock "0:00:28"]
[BlackClock "0:00:10"]

1. e4 e6 2. d4 d5 3. Nd2 a6 4. Bd3 c5 5. dxc5 Bxc5 6. Ngf3 Ne7 7. O-O Nbc6 8. Qe2 O-O 9. c3 Ng6 10. Nb3 Be7 11. h3 Bd7 12. exd5 exd5 13. Be3 Re8 14. Qc2 Bd6 15. Nfd4 Nce5 16. Bf5 Rc8 17. Nd2 Bb8 18. Bxd7 Qxd7 19. Rfe1 Qc7 20. Nf1 Nc4 21. Nf5 Re5 22. Bd4 Rxe1 23. Rxe1 f6 24. Qe2 Nce5 25. Qh5 Qf7 26. N1e3 Rd8 27. Qd1 Nf4 28. Ng4 Qe6 29. Nfe3 Nfg6 30. Qb3 Qf7 31. Nf5 Qe6 32. Nge3 Rd7 33. Rd1 Nf4 34. h4 g6 35. Ng3 Ng4 36. Nxg4 Qxg4 37. Re1 Qxh4 38. Re8+ Kg7 39. Rxb8 Nh5 40. Rxb7 Rxb7 41. Qxb7+ Kh6 42. Be3+ g5 43. Nf5+ Kg6 44. Nxh4+ 1-0


[Site "https://www.chess.com"]

[Event "Titled Tuesday Blitz October 11 Late 2022"]
[White "Gorodetzky, David"]
[Black "Issani, Nameer"]
[WhiteFideId "2813416"]
[BlackFideId "2619130"]
[WhiteElo "2487"]
[BlackElo "2654"]
[Result "0-1"]
[Round "05"]
[TimeControl "180+1"]
[Date "2022.10.11"]
[WhiteClock "0:00:02"]
[BlackClock "0:00:10"]

1. c4 e5 2. g3 c6 3. Bg2 d5 4. cxd5 cxd5 5. d4 e4 6. Nc3 Nf6 7. Nh3 Nc6 8. O-O Be7 9. f3 O-O 10. Nf2 exf3 11. exf3 Qb6 12. Re1 Be6 13. Be3 Qxb2 14. Na4 Qa3 15. Nd3 b6 16. Nf4 Bd7 17. Bc1 Qd6 18. Nc3 Rac8 19. g4 h6 20. h4 Nb4 21. Bd2 Bc6 22. g5 hxg5 23. hxg5 Nh7 24. g6 Ng5 25. a3 Na6 26. Qe2 Bf6 27. gxf7+ Rxf7 28. Qxa6 Bxd4+ 29. Kf1 Bb7 30. Qd3 Bxc3 31. Bxc3 Qxf4 32. Be5 Qh4 33. Rac1 Rcf8 34. Re3 Bc8 35. f4 Bf5 36. Qd4 Ne6 37. Qd2 Be4 38. Bxe4 dxe4 39. Qf2 Qh1+ 40. Qg1 Qh4 41. Qf2 Qg4 42. Qg2 Qf5 43. Rg3 Qxe5 0-1


[Site "https://www.chess.com"]

[Event "Titled Tuesday Blitz October 11 Late 2022"]
[White "Goryachkina, Aleksandra"]
[Black "Martin Carmona, Gaston Manuel"]
[WhiteFideId "4147103"]
[BlackFideId "22284567"]
[WhiteElo "2484"]
[BlackElo "2235"]
[Result "1-0"]
[Round "05"]
[TimeControl "180+1"]
[Date "2022.10.12"]
[WhiteClock "0:01:19"]
[BlackClock "0:00:53"]

1. e4 e5 2. Nf3 Nc6 3. d4 exd4 4. Nxd4 Nf6 5. Nxc6 bxc6 6. Bd3 d6 7. O-O Be7 8. Nc3 O-O 9. b3 c5 10. Bb2 Bg4 11. Qd2 Rb8 12. Rfe1 Be6 13. Rad1 Qc8 14. Nd5 Bxd5 15. exd5 Re8 16. Rxe7 Rxe7 17. Bxf6 gxf6 18. Qh6 f5 19. Qg5+ Kf8 20. Bxf5 Qa6 21. Qh6+ Ke8 22. Qxh7 Kd8 23. Qh8+ Re8 24. Qf6+ Re7 25. Re1 1-0


[Site "https://www.chess.com"]